 Seeded DCSS version 0.31-a0-538-gbc85326fa9 (webtiles) character file.

Game seed: 20230813 (custom seed)

259 a11behringer the Covered (level 5, 0/48 HPs)
             Began as an Armataur Berserker on Aug 13, 2023.
             Was a Believer of Trog.
             Slain by an orc warrior
             ... wielding a +0 halberd
              (5 damage)
             ... on level 4 of the Dungeon.
             The game lasted 00:09:21 (3646 turns).

a11behringer the Covered (Armataur Berserker)       Turns: 3646, Time: 00:09:22

Health: 0/48       AC: 13    Str: 24    XL:     5   Next: 94%
Magic:  5/5        EV:  5    Int:  7    God:    Trog [**....]
Gold:   207        SH:  0    Dex: 10    Spells: 4/4 levels left

rFire   . . .        a - +0 mace
rCold   . . .        (no shield)
rNeg    . . .        m - +0 plate armour
rPois   .            u - +0 helmet
rElec   .            y - +0 cloak
rCorr   .            s - +0 pair of gloves
SInv    .            (no barding)
Will    .....        (no amulet) Stlth
                     (no ring)
HPRegen 0.28/turn    (no ring)
MPRegen 0.09/turn

%: roll
@: no status effects
A: large, rugged brown scales 3, deformed body, armoured tail, roll, long
tongue, awkward tongue
a: Renounce Religion, Berserk, Trog's Hand


You were on level 4 of the Dungeon.
You worshipped Trog.
Trog was pleased with you.
You visited 1 branch of the dungeon, and saw 4 of its levels.

You collected 207 gold pieces.

Inventory:

Hand Weapons
 a - a +0 mace (weapon)
 r - the +8 storm bow {elec, penet}
   (You found it on level 2 of the Dungeon)
Armour
 b - a +0 animal skin
 m - a +0 plate armour (worn)
 s - a +0 pair of gloves (worn)
 u - a +0 helmet (worn)
 y - a +0 cloak (worn)
Jewellery
 x - an amulet of magic regeneration
Talismans
 j - a maw talisman
Wands
 o - a wand of polymorph (7)
Scrolls
 d - 4 scrolls of identify {unknown}
 e - 3 scrolls of silence {unknown}
 g - 3 scrolls of fog {unknown}
 h - 2 scrolls of poison {unknown}
 i - a scroll of revelation {unknown}
 k - 3 scrolls of enchant weapon {unknown}
 l - a scroll of enchant armour {unknown}
 n - a scroll of teleportation {unknown}
 q - a scroll of torment {unknown}
 t - 3 scrolls of fear {unknown}
 v - a scroll of brand weapon {unknown}
 A - a scroll of blinking {unknown}
Potions
 c - 2 potions of curing {unknown}
 f - 2 potions of enlightenment {unknown}
 p - a potion of haste {unknown}
 w - a potion of heal wounds {unknown}
 z - a potion of mutation {unknown}


   Skills:
 + Level 3.4 Fighting
 * Level 4.1 Maces & Flails
 * Level 4.7 Armour
 + Level 2.3 Dodging


You had 4 spell levels left.
You didn't know any spells.
Your spell library was empty.

Dungeon Overview and Level Annotations

Branches:
Dungeon (4/15)             Temple (0/1) D:4

Altars:
Ashenzari
Cheibriados
Dithmenos
Elyvilon
Fedhas
Yredelemnul

Shops:
D:2 =


Innate Abilities, Weirdness & Mutations

You are completely covered in rugged brown scales. (AC +3, +7% HP)
Armour fits poorly on your strangely shaped body.
You have a long armoured tail.
You roll when moving toward enemies. (Rampage)
Your long tongue fully drains potion bottles. (2x potion effects)
Your tongue gives you trouble enunciating. (1.5x scroll delay)


Message History

An orc and an orc priest come into view.
Found 3 stones.
The orc priest shouts!
You roll towards the orc!
An orc wizard comes into view. It is wielding a +0 dagger.
Found 15 gold pieces.
An orc comes into view. It is wielding a +0 falchion.
The orc shouts!
The orc barely misses you.
The orc warrior hits you but does no damage.
You hit the orc but do no damage. The orc barely misses you.
The orc priest casts a cantrip, but nothing happens.
The orc warrior hits you from afar with a +0 halberd!
The orc warrior barely misses you. The orc hits you but does no damage.
You hit the orc.
The orc is almost dead.
The howler monkey hoots and howls with incredible vigour!
The orc hits you but does no damage.
The orc warrior hits you from afar with a +0 halberd.
You hit the orc.
You kill the orc!
Trog accepts your kill.
The orc warrior hits you but does no damage.
The orc priest invokes the aid of Beogh against you.
Beogh smites you!
* * * LOW HITPOINT WARNING * * *
An orc comes into view. It is wielding a +0 club.
You roll towards the orc priest!
Found 7 stones.
The orc shouts!
You hit the orc priest.
The orc priest is moderately wounded.
The orc warrior hits you with a +0 halberd!
* * * LOW HITPOINT WARNING * * *
The orc priest hits you with a +0 club.
* * * LOW HITPOINT WARNING * * *
Unknown command.
You sock the orc priest!
The orc priest is almost dead.
The orc warrior hits you with a +0 halberd.
You die...

#<..............###.
#########...........
#..........#
########.........h.
.............###
.##.....###..#
##8####...## #
#.#.h#.# #o@##...
..(.(ooo##.###
#.....o###.. #.8##$.
#.# ## o## #.. #$ .#
. ##


You could see an orc warrior, a howler monkey, an orc priest, an orc wizard and
3 orcs.

Vanquished Creatures
  Crazy Yiuf (D:3)
  An iron imp (D:3)
  A jelly (D:4)
  An orc priest (D:3)
  Jessica (D:2)
  Robin (D:3)
  An adder (D:3)
  A worm (D:2)
  3 dart slugs
  8 orcs
  3 bats
  3 endoplasms
  4 giant cockroaches
  12 goblins
  9 hobgoblins
  5 jackals
  2 kobolds
  3 quokkas
  10 ball pythons
  2 frilled lizards (D:3)
  6 rats
78 creatures vanquished.

Notes
Turn   | Place    | Note
-------+----------+-------------------------------------------
     0 | D:1      | a11behringer the Armataur Berserker began the quest for the
                  | Orb.
     0 | D:1      | Reached XP level 1. HP: 19/19 MP: 1/1
   268 | D:1      | Reached XP level 2. HP: 26/26 MP: 2/2
  1217 | D:2      | Found Esiriaz's Jewellery Shop.
  1258 | D:2      | Reached ** piety under Trog
  1259 | D:2      | Reached XP level 3. HP: 32/32 MP: 3/3
  1509 | D:2      | Found a faded altar of an unknown god.
  1599 | D:2      | Noticed Jessica
  1603 | D:2      | Killed Jessica
  1783 | D:2      | Found the +8 storm bow {elec, penet}
  2038 | D:3      | Reached XP level 4. HP: 26/40 MP: 4/4
  2056 | D:3      | Found a broken altar of Ashenzari.
  2579 | D:3      | Found a snail-covered altar of Cheibriados.
  2597 | D:3      | Reached XP level 5. HP: 33/48 MP: 5/5
  2741 | D:3      | Found a white marble altar of Elyvilon.
  2807 | D:3      | Found a basalt altar of Yredelemnul.
  2927 | D:3      | Noticed Robin
  2958 | D:3      | Killed Robin
  3204 | D:3      | Found a shadowy altar of Dithmenos.
  3204 | D:3      | Found a blossoming altar of Fedhas.
  3369 | D:3      | Found a runed translucent door.
  3370 | D:3      | Noticed Crazy Yiuf
  3449 | D:3      | Killed Crazy Yiuf
  3538 | D:4      | Found a staircase to the Ecumenical Temple.
  3639 | D:4      | Noticed an orc warrior
  3646 | D:4      | Slain by an orc warrior

Illustrated notes

Levels and vault maps discovered:
D:1:      lightli_arrival_isolated_outpost, layout_basic, minmay_pentomino_p4
D:2:      layout_loops_ring, serial_shops, shop,
          hellmonk_ecumenical_altar_zigzags, uniq_jessica
D:3:      layout_loops_ring, nicolae_overflow_crystal_walls,
          kennysheep_ying_yang, slow_altar_2,
          gammafunk_temple_overflow_elements, minmay_fractal_squares_diagonal_5,
          uniq_robin, uniq_crazy_yiuf_cottage
D:4:      layout_basic, nicolae_overflow_two_pavilions, temple_fountains,
          guppyfry_early_orc_mine

Skill      XL: |  1  2  3  4  5 |
---------------+----------------+-----
Maces & Flails | 3 4 |  4.1
Armour         | 3 4 |  4.7
Fighting       | 3 |  3.4
Dodging        | 2 |  2.3

Action                     |  1- 3 |  4- 6 || total
---------------------------+-------+-------++-------
  Melee: Mace              |    76 |   137 ||   213
         Tailslap          |     9 |     7 ||    16
         Punch             |       |     1 ||     1
 Invoke: Berserk           |       |     4 ||     4
         Trog's Hand       |       |     2 ||     2
   Stab: Sleeping          |     2 |       ||     2
 Armour: Animal skin       |    31 |       ||    31
         Plate armour      |     4 |   122 ||   126
  Dodge: Dodged            |    21 |    49 ||    70

Table legend: (Time is in decaauts)
 A = Elapsed time spent in this place.
 B = Non-inter-level travel time spent in this place.
 C = Inter-level travel time spent in this place.
 D = Time resting spent in this place.
 E = Time spent auto-exploring this place.
 F = Levels seen in this place.
 G = Mean time per level.
                   A        B        C        D        E       F      G
               +--------+--------+--------+--------+--------+-----+--------+
         Total |   3720 |   3518 |    202 |      0 |   3031 |   4 |  930.0 |
       Dungeon |   3720 |   3518 |    202 |      0 |   3031 |   4 |  930.0 |
               +--------+--------+--------+--------+--------+-----+--------+

Top non-repeatable levels by time:
     D:3: 1543 daAuts
     D:1: 1210 daAuts
     D:2: 834 daAuts
     D:4: 132 daAuts
